 Dungeon Crawl Stone Soup version 0.31-a0-216-g22e908daa7 (webtiles) character file.

Game seed: 16467040360005512862

8992 qw the Cleaver (level 11, -6/68 HPs)
             Began as a Gargoyle Fighter on July 2, 2023.
             Was an Elder of Okawaru.
             Mangled by a death yak (16 damage)
             ... on level 1 of the Lair of Beasts.
             The game lasted 00:04:06 (10983 turns).

qw the Cleaver (Gargoyle Fighter)                  Turns: 10983, Time: 00:04:06

Health: -6/68      AC: 34    Str: 25    XL:     11   Next: 39%
Magic:  15/15      EV:  9    Int:  8    God:    Okawaru [****..]
Gold:   352        SH:  8    Dex:  9    Spells: 10/10 levels left

rFire   . . .        Y - +6 broad axe (venom)
rCold   . . .        x - +2 buckler
rNeg    + . .        k - +0 plate armour
rPois   inf          q - +0 helmet
rElec   +            i - +1 cloak
rCorr   .            t - +1 pair of gloves
SInv    .            y - +2 pair of boots
Will    ++...        (no amulet) Stlth
                     v - ring of willpower
HPRegen 0.31/turn    (no ring)
MPRegen 0.14/turn

%: no passive effects
@: about to teleport, heroic
A: sickness immunity, AC +8, negative energy resistance 1, electricity
resistance, torment resistance 1, petrification resistance, strong-willed 1,
wild magic 1
a: Renounce Religion, Heroism, Finesse


You were on level 1 of the Lair of Beasts.
You worshipped Okawaru.
Okawaru was greatly pleased with you.
You visited 3 branches of the dungeon, and saw 11 of its levels.
You also visited: Sewer.

You collected 614 gold pieces.
You spent 262 gold pieces at shops.


Innate Abilities, Weirdness & Mutations

You are immune to sickness and miasma.
Your stone body is resilient. (AC +8)
You are immune to poison.
You resist negative energy. (rN+)
You are resistant to electric shocks. (rElec)
You are resistant to unholy torment.
You are immune to petrification.
You are strong-willed. (Will+)
Your spells are a little harder to cast, but a little more powerful.


   Skills:
 + Level 8.3(13.3) Fighting
 - Level 11.0(16.0) Axes
 - Level 3.1(8.1) Throwing
 - Level 8.1(13.1) Armour
 - Level 1.0(6.0) Dodging
 - Level 5.9(10.9) Shields
 + Level 6.5 Invocations


You had 10 spell levels left.
You didn't know any spells.
Your spell library was empty.

Inventory:

Hand Weapons
 w - a +0 hand axe of flaming
 Y - a +6 broad axe of venom (weapon)
Missiles
 z - 4 boomerangs (quivered)
Armour
 h - the +3 Mad Mage's Maulers {Infuse+∞ VampMP -Cast}
   (You acquired it on level 2 of the Dungeon)

   Infuse+∞: It empowers its wearer's blows with all of their magic.
   VampMP:    Blows struck in melee replenish the wearer's magic.
   -Cast:     It prevents spellcasting.
 i - a +1 cloak (worn)
 k - a +0 plate armour (worn)
 q - a +0 helmet (worn)
 t - a +1 pair of gloves (worn)
 x - a +2 buckler (worn)
 y - a +2 pair of boots (worn)
Jewellery
 n - a ring of ice
 v - a ring of willpower (left hand)
Scrolls
 f - a scroll of identify
 g - 7 scrolls of teleportation
Potions
 b - a potion of lignification
 d - 2 potions of might
 e - 5 potions of enlightenment
 j - 5 potions of mutation
 l - 3 potions of haste
 m - a potion of cancellation
 o - 3 potions of heal wounds
 p - a potion of attraction
 s - 8 potions of curing

Dungeon Overview and Level Annotations

Branches:
Dungeon (9/15)             Temple (1/1) D:6            Lair (1/5) D:9
  Sewer (visited)
    Orc: D:9-12

Altars:
Ashenzari
Cheibriados
Dithmenos
Elyvilon
Fedhas
Gozag
Hepliaklqana
Makhleb
Nemelex Xobeh
Okawaru
Qazlal
Ru
Sif Muna
Trog
Uskayaw
Vehumet
Wu Jian
Xom
Yredelemnul
Zin
The Shining One

Shops:
D:3 !   D:6 [


Message History

You slice the death yak!!
The death yak looks as sick as possible!
The death yak is severely wounded.
You slash the death yak!
The death yak is poisoned.
The death yak gores you! You block the death yak's attack.
You slice the death yak!!
You kill the death yak!
Okawaru is honoured by your kill. Okawaru grants you throwing weapons!
Something appears at your feet!
You slash the death yak! You completely miss the death yak.
You block the death yak's attack. The death yak gores you!
You hit the death yak.
The death yak looks as sick as possible!
The death yak is lightly wounded.
You slash the death yak!
The death yak gores you but does no damage.
You slash the death yak!
The death yak looks as sick as possible!
The death yak is heavily wounded.
You slice the death yak!!
The death yak looks as sick as possible!
You slice the death yak!!
The death yak looks as sick as possible!
You block the death yak's attack.
The death yak gores you but does no damage. x2
You barely miss the death yak.
The death yak is heavily wounded.
You slash the death yak! x2
You slash the death yak!
The death yak is severely wounded.
You hit the death yak.
The death yak looks as sick as possible!
You barely miss the death yak. The death yak gores you.
The death yak barely misses you. The death yak gores you!!
10983 ||| READING 8 scrolls of teleportation.
As you read the scroll of teleportation, it crumbles to dust.
You feel strangely unstable.
You block the death yak's attack. x2; The death yak gores you!
You die...

#......##
##....##
##..#.##
###....##
###..##.##
#.#.#####
#..##
###.#.#
#.Y@.##
#..YY##
#....##
......#
(....#
....# ...#
.##


You could see 3 death yaks.

Vanquished Creatures
  A boulder beetle (D:9)
  2 death yaks (Lair:1)
  An ugly thing (D:9)
  Joseph (D:8)
  A cane toad (Lair:1)
  A komodo dragon (Lair:1)
  A polar bear (Lair:1)
  A troll (D:9)
  A hornet (D:8)
  A vampire (D:9)
  A shadow (D:9)
  9 yaks (D:9)
  Eustachio (D:6)
  Grum (D:8)
  A water moccasin (Lair:1)
  2 black bears
  3 ice beasts
  2 sky beasts
  3 orc warriors
  2 ogres
  2 wolves (D:8)
  3 centaurs
  A kobold brigand (D:9)
  4 bullfrogs
  2 gnoll sergeants (D:7)
  A scorpion (D:5)
  6 wights (D:8)
  10 killer bees
  2 hounds
  An orc priest (D:6)
  2 jellies
  3 iguanas (D:6)
  5 orc wizards
  A sickly merfolk siren (Sewer)
  A malarious merfolk avatar (Sewer)
  6 adders
  10 gnolls (D:7)
  A river rat (Sewer)
  A white imp (D:6)
  An ufetubus (D:6)
  3 worms
  3 dart slugs
  21 orcs
  13 ball pythons
  6 bats
  3 endoplasms
  3 giant cockroaches
  6 goblins
  5 hobgoblins
  9 kobolds
  7 quokkas
  6 frilled lizards
  28 rats
212 creatures vanquished.

Notes
Turn   | Place    | Note
-------+----------+-------------------------------------------
     0 | D:1      | qw the Gargoyle Fighter began the quest for the Orb.
     0 | D:1      | Reached XP level 1. HP: 14/14 MP: 1/1
     0 | D:1      | 0 ||| qw: Version: 0.3-a-40-ge99b1a8
     0 | D:1      | 0 ||| qw: Game counter: 7945
     0 | D:1      | 0 ||| qw: Melee chars always use a shield: true
     0 | D:1      | 0 ||| qw: God list: Okawaru
     0 | D:1      | 0 ||| qw: Allow faded altars: false
     0 | D:1      | 0 ||| qw: Do Orc after clearing Dungeon:15 true
     0 | D:1      | 0 ||| qw: Do second Lair branch before Depths: true
     0 | D:1      | 0 ||| qw: Lair rune preference: random
     0 | D:1      | 0 ||| qw: Goals: Normal, Zot:1-4, Slime:5, God:TSO, Crypt,
                  | Tomb, Abyss, Pan, Hells, Win
     0 | D:1      | 0 ||| PLANNING D:1-11
   130 | D:1      | Reached skill level 2 in Axes
   160 | D:1      | Reached XP level 2. HP: 19/19 MP: 2/2
   458 | D:1      | 458 ||| Stepping ~*~*~tactically~*~*~ (stealth).
   489 | D:1      | Reached skill level 3 in Axes
   757 | D:1      | 757 ||| READING scroll labelled ASARGH FOHEEWY.
   758 | D:1      | 758 ||| READING 3 scrolls labelled PAMOLY KIZIUCEDE.
   759 | D:1      | 759 ||| READING scroll labelled HOFANAMALLE.
   760 | D:1      | 760 ||| DROPPING 2 scrolls of fear.
   833 | D:2      | Reached XP level 3. HP: 23/23 MP: 3/3
   879 | D:2      | 879 ||| DROPPING +0 club.
  1391 | D:2      | 1391 ||| READING 2 scrolls labelled OKOTEN ONU.
  1392 | D:2      | 1392 ||| READING scroll labelled XORAOZOFEACK.
  1393 | D:2      | 1393 ||| READING scroll labelled SOPOEDGHEYF.
  1393 | D:2      | Identified a scroll of acquirement
  1393 | D:2      | 1393 ||| ACQUIRING +3 Mad Mage's Maulers {Infuse+∞ VampMP
                  | -Cast}
  1393 | D:2      | Acquired the +3 Mad Mage's Maulers {Infuse+∞ VampMP -Cast}
  1393 | D:2      | Found the +3 Mad Mage's Maulers {Infuse+∞ VampMP -Cast}
  1395 | D:2      | 1395 ||| UPGRADING to +3 Mad Mage's Maulers {Infuse+∞
                  | VampMP -Cast}.
  1400 | D:2      | 1400 ||| DRINKING 2 fizzy red potions.
  1400 | D:2      | Gained mutation: Your spells are a little harder to cast,
                  | but a little more powerful. [potion of mutation]
  1400 | D:2      | Gained mutation: You are strong-willed. (Will+) [potion of
                  | mutation]
  1401 | D:2      | 1401 ||| DRINKING 2 bubbling brown potions.
  1411 | D:2      | 1411 ||| DROPPING potion of ambrosia.
  1486 | D:3      | 1486 ||| Stepping ~*~*~tactically~*~*~ (stealth).
  1490 | D:3      | 1490 ||| Stepping ~*~*~tactically~*~*~ (stealth).
  1581 | D:3      | Found a shimmering altar of Xom.
  1628 | D:3      | Found a bloodstained altar of Trog.
  1646 | D:3      | Found a faded altar of an unknown god.
  1799 | D:3      | Found a radiant altar of Vehumet.
  1800 | D:3      | Found a sparkling altar of Nemelex Xobeh.
  1873 | D:3      | Found Pigecsagg's Distillery.
  1879 | D:3      | 1879 ||| BUYING potion of curing (39 gold).
  1879 | D:3      | Bought a potion of curing for 39 gold pieces
  1879 | D:3      | 1879 ||| BUYING potion of curing (39 gold).
  1879 | D:3      | Bought a potion of curing for 39 gold pieces
  1879 | D:3      | 1879 ||| BUYING potion of haste (130 gold).
  1879 | D:3      | Bought a potion of haste for 130 gold pieces
  1879 | D:3      | 1879 ||| SHOPLISTING potion of haste (130 gold, have 36).
  1879 | D:3      | 1879 ||| SHOPLISTING potion of heal wounds (65 gold, have
                  | 36).
  1992 | D:3      | 1992 ||| UPGRADING to +0 cloak.
  1997 | D:3      | 1997 ||| UPGRADING to +0 chain mail.
  2007 | D:3      | 2007 ||| DROPPING +0 scale mail.
  2008 | D:3      | 2008 ||| DROPPING ring of magical power.
  2009 | D:3      | 2009 ||| READING scroll labelled FOIJO TEEXKAA.
  2010 | D:3      | 2010 ||| READING scroll labelled RUSCHY KUOSOU.
  2028 | D:4      | Reached skill level 4 in Axes
  2028 | D:4      | Reached XP level 4. HP: 28/28 MP: 2/4
  2351 | D:4      | 2351 ||| DROPPING +0 whip.
  2685 | D:4      | 2685 ||| READING scroll of enchant armour.
  2685 | D:4      | 2685 ||| ENCHANTING +0 cloak.
  2910 | D:4      | Found a hide-covered altar of Uskayaw.
  3259 | D:4      | 3259 ||| READING scroll labelled WOMICA GOOQO.
  3260 | D:4      | 3260 ||| DRINKING 2 emerald potions.
  3261 | D:4      | 3261 ||| DRINKING 2 sedimented purple potions.
  3262 | D:4      | 3262 ||| DROPPING potion of invisibility.
  3284 | D:5      | Entered Level 5 of the Dungeon
  3301 | D:5      | Noticed an ogre
  3307 | D:5      | Killed an ogre
  3308 | D:5      | Reached XP level 5. HP: 18/32 MP: 1/5
  3592 | D:5      | Reached XP level 6. HP: 37/37 MP: 2/6
  4196 | D:5      | 4196 ||| READING 2 scrolls labelled JUOWNO ULAJU.
  4199 | D:5      | 4199 ||| DRINKING 2 clear potions.
  4219 | D:6      | 4219 ||| PLANNING SEWER
  4224 | D:6      | Found a staircase to the Ecumenical Temple.
  4236 | D:6      | Noticed an ice beast
  4245 | D:6      | Killed an ice beast
  4246 | D:6      | Reached skill level 5 in Axes
  4295 | D:6      | Found a broken altar of Ashenzari.
  4359 | D:6      | Found Zisug's Armour Shoppe.
  4368 | D:6      | 4368 ||| SHOPLISTING +0 chain mail "Getrexyc" {rPois rN+++
                  | Will- SInv} (440 gold, have 128).
  4368 | D:6      | 4368 ||| BUYING +0 pair of boots (54 gold).
  4368 | D:6      | Bought a +0 pair of boots for 54 gold pieces
  4368 | D:6      | 4368 ||| SHOPLISTING +0 plate armour (276 gold, have 74).
  4369 | D:6      | Noticed a black bear
  4378 | D:6      | Killed a black bear
  4379 | D:6      | Reached XP level 7. HP: 44/44 MP: 0/7
  4526 | D:6      | Found a glowing drain.
  4527 | D:6      | 4527 ||| UPGRADING to +0 helmet.
  4532 | D:6      | 4532 ||| UPGRADING to +0 pair of boots.
  4555 | D:6      | 4555 ||| Stepping ~*~*~tactically~*~*~ (water).
  4562 | Sewer    | Entered a sewer
  4706 | Sewer    | Reached skill level 6 in Axes
  4922 | Sewer    | 4922 ||| Stepping ~*~*~tactically~*~*~ (stealth).
  5568 | Sewer    | Reached skill level 1 in Dodging
  6160 | Sewer    | 6160 ||| Stepping ~*~*~tactically~*~*~ (water).
  6389 | Sewer    | 6389 ||| UPGRADING to ring of willpower.
  6440 | D:6      | 6440 ||| PLANNING TEMPLE
  6497 | Temple   | Entered the Ecumenical Temple
  6590 | Temple   | 6590 ||| PLANNING OKAWARU WORSHIP
  6685 | Temple   | Became a worshipper of Warmaster Okawaru
  6686 | Temple   | 6686 ||| PLANNING D:1-11
  6686 | Temple   | 6686 ||| UPGRADING to +0 pair of gloves.
  6721 | D:6      | Noticed Eustachio
  6732 | D:6      | 6732 ||| Stepping ~*~*~tactically~*~*~ (stealth).
  6749 | D:6      | Killed Eustachio
  6750 | D:6      | Reached XP level 8. HP: 48/48 MP: 8/8
  6784 | D:6      | Reached * piety under Okawaru
  6807 | D:6      | Reached skill level 1 in Invocations
  6869 | D:6      | 6869 ||| DROPPING +0 flail.
  6925 | D:6      | 6925 ||| Stepping ~*~*~tactically~*~*~ (stealth).
  6928 | D:6      | 6928 ||| Stepping ~*~*~tactically~*~*~ (hiding).
  6930 | D:6      | 6930 ||| INVOKING Heroism.
  7094 | D:6      | 7094 ||| INVOKING Heroism.
  7096 | D:6      | Reached skill level 7 in Axes
  7125 | D:6      | 7125 ||| INVOKING Heroism.
  7133 | D:6      | Reached skill level 3 in Invocations
  7322 | D:6      | You fall into a shaft and drop 2 floors!
  7401 | D:8      | Noticed Grum
  7402 | D:8      | 7402 ||| Stepping ~*~*~tactically~*~*~ (hiding).
  7404 | D:8      | 7404 ||| INVOKING Heroism.
  7411 | D:8      | Killed Grum
  7413 | D:8      | Noticed a hornet
  7424 | D:8      | Reached XP level 9. HP: 29/54 MP: 10/12
  7428 | D:8      | Killed a hornet
  7429 | D:8      | Reached skill level 8 in Axes
  7432 | D:8      | Reached ** piety under Okawaru
  7537 | D:8      | Reached skill level 6 in Fighting
  7634 | D:8      | 7634 ||| INVOKING Heroism.
  7698 | D:8      | Found an ornate altar of the Wu Jian Council.
  7725 | D:8      | 7725 ||| READING scroll labelled ABAYNO LARUCRA.
  7805 | D:7      | 7805 ||| Stepping ~*~*~tactically~*~*~ (stealth).
  7807 | D:7      | 7807 ||| Stepping ~*~*~tactically~*~*~ (stealth).
  7810 | D:7      | 7810 ||| Stepping ~*~*~tactically~*~*~ (hiding).
  7862 | D:7      | Found a white marble altar of Elyvilon.
  7903 | D:7      | 7903 ||| Stepping ~*~*~tactically~*~*~ (hiding).
  7913 | D:7      | 7913 ||| INVOKING Heroism.
  7917 | D:7      | Reached skill level 9 in Axes
  8072 | D:7      | 8072 ||| Stepping ~*~*~tactically~*~*~ (hiding).
  8091 | D:7      | 8091 ||| Stepping ~*~*~tactically~*~*~ (hiding).
  8136 | D:7      | 8136 ||| INVOKING Heroism.
  8246 | D:7      | 8246 ||| UPGRADING to +2 buckler.
  8256 | D:7      | 8256 ||| DROPPING +0 buckler.
  8257 | D:7      | 8257 ||| READING scroll labelled RIOCLU NEAFUNN.
  8258 | D:7      | 8258 ||| READING scroll labelled NETTEST WIAFI.
  8610 | D:7      | Found a hazy altar of Hepliaklqana.
  8610 | D:7      | Found a blossoming altar of Fedhas.
  8678 | D:7      | 8678 ||| INVOKING Heroism.
  8878 | D:7      | 8878 ||| READING scroll of acquirement.
  8878 | D:7      | 8878 ||| ACQUIRING +6 broad axe of venom
  8878 | D:7      | Acquired a +6 broad axe of venom
  8880 | D:7      | 8880 ||| SWAPPING to +6 broad axe of venom.
  8881 | D:7      | 8881 ||| DROPPING +1 war axe of venom.
  8911 | D:7      | 8911 ||| INVOKING Heroism.
  9083 | D:7      | 9083 ||| READING scroll labelled DEKAJA BUIKLU.
  9084 | D:7      | 9084 ||| DRINKING 2 red potions.
  9085 | D:7      | 9085 ||| READING 4 scrolls of identify.
  9085 | D:7      | 9085 ||| IDENTIFYING lumpy cyan potion
  9086 | D:7      | 9086 ||| READING 3 scrolls of identify.
  9086 | D:7      | 9086 ||| IDENTIFYING fuming grey potion
  9087 | D:7      | 9087 ||| READING 2 scrolls of identify.
  9087 | D:7      | 9087 ||| IDENTIFYING bubbling puce potion
  9088 | D:7      | 9088 ||| DROPPING potion of berserk rage.
  9089 | D:7      | 9089 ||| DROPPING potion of degeneration.
  9133 | D:8      | 9133 ||| READING scroll of enchant armour.
  9133 | D:8      | 9133 ||| ENCHANTING +0 pair of gloves.
  9229 | D:8      | 9229 ||| Stepping ~*~*~tactically~*~*~ (stealth).
  9231 | D:8      | 9231 ||| Stepping ~*~*~tactically~*~*~ (hiding).
  9240 | D:8      | Reached skill level 6 in Armour
  9344 | D:8      | Noticed Joseph
  9345 | D:8      | 9345 ||| Stepping ~*~*~tactically~*~*~ (hiding).
  9356 | D:8      | Killed Joseph
  9357 | D:8      | Reached XP level 10. HP: 55/63 MP: 13/13
  9384 | D:8      | Reached *** piety under Okawaru
  9609 | D:9      | 9609 ||| INVOKING Heroism.
  9634 | D:9      | Reached skill level 10 in Axes
  9768 | D:9      | 9768 ||| INVOKING Heroism.
  9843 | D:9      | 9843 ||| Stepping ~*~*~tactically~*~*~ (hiding).
  9867 | D:9      | 9867 ||| Stepping ~*~*~tactically~*~*~ (stealth).
  9879 | D:9      | Identified the +1 arbalest of Huisk {drain, rElec rC+ Str-2
                  | Int+4}
  9892 | D:9      | Found a staircase to the Lair.
  9907 | D:9      | Noticed a green ugly thing
  9923 | D:9      | Killed a green ugly thing
  9976 | D:9      | 9976 ||| INVOKING Heroism.
  9978 | D:9      | Reached skill level 3 in Throwing
 10122 | D:9      | 10122 ||| INVOKING Heroism.
 10156 | D:9      | Noticed a boulder beetle
 10157 | D:9      | 10157 ||| INVOKING Heroism.
 10166 | D:9      | Killed a boulder beetle
 10220 | D:9      | 10220 ||| Stepping ~*~*~tactically~*~*~ (hiding).
 10383 | D:9      | Reached **** piety under Okawaru
 10452 | D:9      | 10452 ||| Stepping ~*~*~tactically~*~*~ (hiding).
 10458 | D:9      | Reached skill level 11 in Axes
 10467 | D:9      | 10467 ||| Stepping ~*~*~tactically~*~*~ (stealth).
 10489 | D:9      | Reached XP level 11. HP: 68/68 MP: 14/14
 10518 | D:9      | 10518 ||| Stepping ~*~*~tactically~*~*~ (stealth).
 10673 | D:9      | 10673 ||| PLANNING LAIR
 10673 | D:9      | 10673 ||| UPGRADING to +0 plate armour.
 10683 | D:9      | 10683 ||| DROPPING +0 chain mail.
 10684 | D:9      | 10684 ||| UPGRADING to +2 pair of boots.
 10694 | D:9      | 10694 ||| DROPPING +0 pair of boots.
 10695 | D:9      | 10695 ||| READING 2 scrolls of identify.
 10695 | D:9      | 10695 ||| IDENTIFYING white potion
 10696 | D:9      | 10696 ||| DROPPING potion of brilliance.
 10725 | Lair:1   | Entered Level 1 of the Lair of Beasts
 10771 | Lair:1   | 10771 ||| INVOKING Heroism.
 10835 | Lair:1   | 10835 ||| INVOKING Heroism.
 10839 | Lair:1   | Reached skill level 6 in Invocations
 10886 | Lair:1   | Found a radiant altar of Vehumet.
 10907 | Lair:1   | 10907 ||| INVOKING Heroism.
 10964 | Lair:1   | Noticed a death yak
 10965 | Lair:1   | 10965 ||| INVOKING Heroism.
 10966 | Lair:1   | Noticed a death yak
 10967 | Lair:1   | Noticed a death yak
 10969 | Lair:1   | Noticed a death yak
 10972 | Lair:1   | Noticed a death yak
 10973 | Lair:1   | Killed a death yak
 10978 | Lair:1   | Killed a death yak
 10978 | Lair:1   | Received a gift from Okawaru
 10982 | Lair:1   | HP: 9/68 [death yak (19)]
 10983 | Lair:1   | 10983 ||| READING 8 scrolls of teleportation.
 10983 | Lair:1   | Mangled by a death yak

Levels and vault maps discovered:
D:1:      dpeg_arrival_rooms_c, layout_loops_ring, minmay_misc_feat_ornament
D:2:      layout_basic, minmay_gold_behind_fungi
D:3:      layout_rooms, mainiacjoe_overflow_catwalk_spiral,
          mainiacjoe_overflow_divided_tiny, serial_shops, shop,
          ebering_ecumenical_altar_hall
D:4:      layout_layer_cave, nicolae_uskayaw_suspiria
D:5:      layout_basic
D:6:      layout_cave_pods, mainiacjoe_overflow_boulevard,
          minmay_temple_entry_butterflies, cheibrodos_sewer_entry_drain,
          serial_shops, nicolae_shop_stone, eino_curves_04, uniq_eustachio
D:7:      nicolae_cairo_tiling_very_big, layout_basic,
          gammafunk_temple_overflow_wave, elyvilon_altar_5
D:8:      layout_loops_ring, amcnicky_altar_gilded, uniq_grum, uniq_joseph
D:9:      layout_loops_cross, lair_entry_dummy
Temple:   jpeg_temple_clearing
Lair:1:   layout_concentric_octagons, basic_altar, serial_bayou_shore_a,
          uniq_harold

Skill      XL: |  1  2  3  4  5  6  7  8  9 10 11 |
---------------+----------------------------------+-----
Axes           | 2 3 4 5 6 7 9 11 | 11.0
Throwing       | 2 3 |  3.1
Fighting       | 4 5 7 8 |  8.3
Dodging        | 1 |  1.0
Armour         | 5 6 8 |  8.1
Invocations    | 4 6 |  6.5
Shields        | 4 5 |  5.9

Action                     |  1- 3 |  4- 6 |  7- 9 | 10-12 || total
---------------------------+-------+-------+-------+-------++-------
  Melee: War axe           |    97 |    50 |   276 |       ||   423
         Broad axe         |       |       |    17 |   145 ||   162
  Throw: Javelin           |       |    16 |    16 |    24 ||    56
         Boomerang         |       |       |    25 |    19 ||    44
 Invoke: Heroism           |       |       |     9 |     9 ||    18
    Use: Scroll            |     8 |     3 |     9 |     2 ||    22
         Potion            |     2 |     3 |     1 |       ||     6
 Armour: Scale mail        |    43 |       |       |       ||    43
         Chain mail        |       |    28 |   187 |    69 ||   284
         Plate armour      |       |       |       |    19 ||    19
  Dodge: Dodged            |    42 |    18 |   117 |    54 ||   231
  Block: Buckler           |    13 |    10 |    58 |    32 ||   113

Table legend:
 A = Non-vault XP
 B = Vault XP
 C = Vault XP percentage of total XP
 D = Non-vault monster count
 E = Vault monster count
 F = Vault count percentage of total count
                 A         B        C        D         E       F
            +---------+---------+-------+---------+---------+-------
      Total |   11609 |    1238 |   9.6 |     162 |      50 |  23.6
            +---------+---------+-------+---------+---------+-------
        D:1 |      32 |       0 |   0.0 |      16 |       0 |   0.0
        D:2 |      23 |       0 |   0.0 |      13 |       0 |   0.0
        D:3 |      18 |       0 |   0.0 |       7 |       0 |   0.0
        D:4 |      80 |       0 |   0.0 |      13 |       0 |   0.0
        D:5 |     224 |       0 |   0.0 |       5 |       0 |   0.0
        D:6 |    1174 |     211 |  15.2 |      23 |       4 |  14.8
        D:7 |    1161 |       0 |   0.0 |      24 |       0 |   0.0
        D:8 |    1176 |     868 |  42.5 |      21 |       4 |  16.0
        D:9 |    4869 |       0 |   0.0 |      34 |       0 |   0.0
     Lair:1 |    2852 |       0 |   0.0 |       6 |       0 |   0.0
      Sewer |       0 |     159 | 100.0 |       0 |      42 | 100.0
            +---------+---------+-------+---------+---------+-------
